 Dungeon Crawl Stone Soup version 0.28.0 (webtiles) character file.

Game seed: 3839236017540357442

21 GrayStillPlays the Skirmisher (level 2, 24/24 HPs)
             Began as a Demonspawn Fighter on Feb 13, 2022.
             Quit the game on level 1 of the Dungeon.
             The game lasted 00:00:55 (1111 turns).

GrayStillPlays the Skirmisher (Demonspawn Fighter)  Turns: 1111, Time: 00:00:56

Health: 24/24      AC:  6    Str: 16    XL:     2   Next: 65%
Magic:  2/2        EV:  8    Int:  9    God:
Gold:   44         SH:  4    Dex: 12    Spells: 1/1 levels left

rFire   . . .      SeeInvis .   a - +0 war axe {axe}
rCold   . . .      Faith    .   c - +0 buckler
rNeg    . . .      Spirit   .   b - +0 scale mail
rPois   .          Reflect  .   (no helmet)
rElec   .          Harm     .   (no cloak)
rCorr   .          Rampage  .   (no gloves)
Will    .....                   (no boots)
Stlth   ..........              (no amulet)
HPRegen 0.08/turn               (no ring)
MPRegen 0.08/turn               (no ring)

@: no status effects
A: foul stench 1
a: no special abilities


You were on level 1 of the Dungeon.
You visited 1 branch of the dungeon, and saw 1 of its levels.

You collected 44 gold pieces.


Innate Abilities, Weirdness & Mutations

You may rarely emit foul miasma when damaged in melee.


   Skills:
 + Level 3.2 Fighting
 + Level 2.1 Axes
 + Level 2.9 Armour
 + Level 3.0 Shields


You had one spell level left.
You didn't know any spells.
Your spell library contained the following spells:

 Spells                   Type           Power      Damage    Failure   Level
 Conjure Flame            Conj/Fire      0%         6-21      99%         3
 Ignite Poison            Fire/Tmut/Pois 0%         N/A       99%         3
 Sticky Flame             Conj/Fire      0%         2d3       100%        4

Inventory:

Hand Weapons
 a - a +0 war axe (weapon) {axe}
Missiles
 e - 15 stones (quivered) {throwing}
 i - 13 bolts
Armour
 b - a +0 scale mail (worn)
 c - a +0 buckler (worn)
Scrolls
 h - 2 scrolls of teleportation {unknown}
 j - a scroll of vulnerability {unknown}
Potions
 d - a potion of might
 f - a potion of cancellation {unknown}
 g - a potion of degeneration {unknown}
 k - a potion of flight {unknown}

Dungeon Overview and Level Annotations

Branches:
Dungeon (1/15)

Altars:

.#.#.#.#.### #.#
..###..#.# #.#
.#.#.###.# #.#
.##......# #.#
.##..##### #.#
.##..###### #.#
..........# #.#
###..##...# #.#
#..##...#### #@#
#..........###.#
#..............#
###..........#####
.....##...####
###.###...# ###.#
#...# ....# #####
#####


There were no monsters in sight!


Message History

Key pressed, stopping explore.
A bat comes into view.
A bat is nearby!
A bat is nearby!
You miss the bat. The bat hits you but does no damage.
The bat barely misses you. The bat barely misses you.
You closely miss the bat. The bat hits you but does no damage.
A bat is nearby!
The bat closely misses you. The bat hits you but does no damage.
A bat is nearby!
A bat is nearby!
A bat is nearby!
A bat is nearby!
You closely miss the bat. The bat hits you but does no damage. x2
You completely miss the bat. The bat hits you but does no damage. x2
You closely miss the bat. The bat barely misses you.
You block the bat's attack. The bat hits you.
The bat hits you but does no damage. 😕 HP[-1]
You take 1 damage, and now have 23/24 hp.
You hit the bat but do no damage. The bat hits you but does no damage.
The bat closely misses you.
A bat is nearby!
You barely miss the bat. The bat hits you but does no damage.
You barely miss the bat. The bat hits you but does no damage. x2
You closely miss the bat. The bat hits you but does no damage.
You closely miss the bat. The bat completely misses you.
The bat hits you but does no damage. The bat barely misses you.
You slash the bat!
You kill the bat! 😎 HP[+1]
Your hp is fully restored (24).
No target in view!
No target in view!
Key pressed, stopping explore.
k - a viscous ruby potion Key pressed, stopping explore.
There is an open door here.
Key pressed, stopping explore.
A quokka comes into view.
A quokka is nearby!
A quokka is nearby!
A quokka is nearby!
A quokka is nearby!
A goblin comes into view. It is wielding a +0 club.
The quokka bites you but does no damage.
You slash the quokka!
You kill the quokka!
Found an escape hatch in the floor.
The goblin hits you but does no damage.
You hit the goblin.
You kill the goblin!
No target in view!
Things that are here:
a +0 club {mace}; a goblin corpse
There is an escape hatch in the floor here.
A quokka comes into view.
A quokka is nearby!
A quokka is nearby!
A quokka is nearby!
A quokka is nearby!
A quokka is nearby!
You barely miss the quokka.
The quokka bites you but does no damage. x2
You barely miss the quokka. You block the quokka's attack.
The quokka bites you but does no damage.
You hit the quokka but do no damage. The quokka closely misses you. x2
You slash the quokka!
You kill the quokka!
Your Shields skill increases to level 3!
No target in view!
No target in view!
You see here a quokka corpse.
You see here a quokka corpse.
Key pressed, stopping explore.
There is an escape hatch in the floor here.
Things that are here:
a +0 club {mace}; a goblin corpse Key pressed, stopping explore.
Key pressed, stopping explore.
Key pressed, stopping explore.
There is an open door here.
Key pressed, stopping explore.
Key pressed, stopping explore.
Key pressed, stopping explore.
Key pressed, stopping explore.
Key pressed, stopping explore.
Key pressed, stopping explore.
Key pressed, stopping explore.
You see here a +0 dagger {short}.
Key pressed, stopping explore.
Key pressed, stopping explore.
Key pressed, stopping explore.
Done exploring.
Done exploring.
Done exploring.
Done exploring.
Are you sure you want to abandon this character and quit the game? (Confirm with "yes".)

Skill      XL: |  1  2 |
---------------+-------+-----
Axes           | 2 |  2.1
Shields        | 3 |  3.0
Fighting       | |  3.2
Armour         | |  2.9

Action                   || total
-------------------------++-------
Melee: War axe           ||    70
Armor: Scale mail        ||    59
Dodge: Dodged            ||    36
Block: Buckler           ||    15

Levels and vault maps discovered:
D:1:      giann_horns, layout_loops_ring

Notes
Turn   | Place    | Note
-------+----------+-------------------------------------------
     0 | D:1      | GrayStillPlays the Demonspawn Fighter began the quest for
                  | the Orb.
     0 | D:1      | Reached XP level 1. HP: 18/18 MP: 1/1
     0 | D:1      | magus.rc [v1.9.6]
   256 | D:1      | Reached skill level 2 in Axes
   256 | D:1      | Gained mutation: You may rarely emit foul miasma when
                  | damaged in melee. [demonic ancestry]
   256 | D:1      | Reached XP level 2. HP: 17/24 MP: 2/2
   350 | D:1      | You add the spells Conjure Flame, Ignite Poison and Sticky
                  | Flame to your library.
   870 | D:1      | Reached skill level 3 in Shields
  1111 | D:1      | Quit the game

Vanquished Creatures
  A ball python (D:1)
  3 bats (D:1)
  An endoplasm (D:1)
  A giant cockroach (D:1)
  2 hobgoblins (D:1)
  2 kobolds (D:1)
  2 quokkas (D:1)
  A frilled lizard (D:1)
  3 goblins (D:1)
  A rat (D:1)
17 creatures vanquished.

Table legend:
 A = Non-vault XP
 B = Vault XP
 C = Vault XP percentage of total XP
 D = Non-vault monster count
 E = Vault monster count
 F = Vault count percentage of total count
                 A         B        C        D         E       F
            +---------+---------+-------+---------+---------+-------
      Total |      31 |       0 |   0.0 |      17 |       0 |   0.0
            +---------+---------+-------+---------+---------+-------
        D:1 |      31 |       0 |   0.0 |      17 |       0 |   0.0
            +---------+---------+-------+---------+---------+-------

Illustrated notes

Table legend:
 A = Kills in this place as a percentage of kills in entire the game.
 B = Kills by you in this place as a percentage of kills by you in the entire game.
 C = Kills by friends in this place as a percentage of kills by friends in the entire game.
 D = Other kills in this place as a percentage of other kills in the entire game.
 E = Experience gained in this place as a percentage of experience gained in the entire game.
 F = Experience gained in this place divided by the number of levels of this place that you have seen.
                   A       B       C       D       E      F
               +-------+-------+-------+-------+-------+----------------------
         Total | 100.0 | 100.0 |   N/A |   N/A | 100.0 |  31.0
       Dungeon | 100.0 | 100.0 |   N/A |   N/A | 100.0 |  31.0
               +-------+-------+-------+-------+-------+----------------------

Table legend: (Time is in decaauts)
 A = Elapsed time spent in this place.
 B = Non-inter-level travel time spent in this place.
 C = Inter-level travel time spent in this place.
 D = Time resting spent in this place.
 E = Time spent auto-exploring this place.
 F = Levels seen in this place.
 G = Mean time per level.
                   A        B        C        D        E       F      G
               +--------+--------+--------+--------+--------+-----+--------+
         Total |   1142 |   1142 |      0 |      0 |    984 |   1 | 1142.0 |
       Dungeon |   1142 |   1142 |      0 |      0 |    984 |   1 | 1142.0 |
               +--------+--------+--------+--------+--------+-----+--------+

Top non-repeatable levels by time:
     D:1: 1142 daAuts
